[Event "*** Titled Tuesday 3|2 Blitz"]
[Site "Chess.com"]
[Date "2015.11.03"]
[Round "4"]
[White "Moltini"]
[Black "Er_is_geen_hoop_meer"]
[Result "0-1"]
[WhiteElo "2198"]
[BlackElo "2409"]
[TimeControl "180+2"]
[EndTime "11:47:28 PST"]
[Termination "Er_is_geen_hoop_meer won by checkmate"]

1. d4 Nf6 2. c4 g6 3. Nc3 Bg7 4. e4 d6 5. Be2 O-O 6. Nf3 e5 7. O-O Nc6 8. d5 Ne7 9. b4 a5 10. Ba3 axb4 11. Bxb4 Re8 12. c5 Nh5 13. cxd6 cxd6 14. Re1 f5 15. Bf1 Nf4 16. Qb3 fxe4 17. Nxe4 Nf5 18. Rac1 Bh6 19. Bb5 Rf8 20. a4 g5 21. h3 g4 22. hxg4 Nd4 23. Nxd4 exd4 24.
Bxd6 Bxg4 25. Qg3 Rf7 26. Bxf4 Rxf4 27. f3 Qb6 28. fxg4 d3+ 29. Kh1 Rxe4 30. Rxe4 Bxc1 31.
Bxd3 Rf8 32. Re7 Qf6 33. Rxh7 Bf4 34. Qe1 Rc8 35. g3 Rc1 36. Qxc1 Bxc1 37. Bf5 Qe5 38. Rd7 Qe1+ 39. Kg2 Qe2+ 40. Kh3 Qf1+ 41. Kh2 Be3 42.
Rd8+ Kg7 43. Rd6 Bg1+ 44. Kh1 Bf2+ 45. Kh2 Qg1+ 46. Kh3 Qh1# 0-1

[Event "*** Titled Tuesday 3|2 Blitz"]
[Site "Chess.com"]
[Date "2015.11.03"]
[Round "4"]
[White "igorkovalenko"]
[Black "Frolyanov_D"]
[Result "1-0"]
[WhiteElo "2508"]
[BlackElo "2349"]
[TimeControl "180+2"]
[EndTime "11:47:30 PST"]
[Termination "igorkovalenko won by resignation"]

1. d4 Nf6 2. Nf3 g6 3. g3 Bg7 4. Bg2 O-O 5. O-O d5 6. c3 Nbd7 7. a4 c5 8. a5 e6 9. Bf4 b6 10. axb6 Qxb6 11. Ra2 c4 12. Nbd2 Nh5 13. Bg5 Qd6 14.
e4 f6 15. Be3 Bb7 16. exd5 exd5 17. Qa4 f5 18. Qa3 Qc7 19. Bg5 Rae8 20. Be7 Rf7 21. Bd6 Qc6 22. Bb4 f4 23. g4 Nhf6 24.
Ng5 a5 25. Bd6 Rff8 26. h3 h6 27. Ngf3 Rf7 28. Ne5 Nxe5 29. Bxe5 Ne4 30. Nf3 Ng5 31.
Bxg7 Kxg7 32. Qa4 Qxa4 33. Rxa4 Nxf3+ 34. Bxf3 Bc6 35. Rxa5 Rb8 36. Rc5 Rb6 37. Re1 Rd7 38. Re6 Rc7 39. Bxd5 1-0

[Event "*** Titled Tuesday 3|2 Blitz"]
[Site "Chess.com"]
[Date "2015.11.03"]
[Round "4"]
[White "Rickstereo"]
[Black "Rating-Schmating"]
[Result "1-0"]
[WhiteElo "2094"]
[BlackElo "1943"]
[TimeControl "180+2"]
[EndTime "11:47:37 PST"]
[Termination "Rickstereo won by checkmate"]

1. c4 e6 2. g3 Nf6 3. Bg2 c5 4.
Nf3 Nc6 5. O-O d6 6. d4 cxd4 7.
Nxd4 Bd7 8. Nb5 Qb8 9. Bf4 e5 10. Bg5 a6 11. Bxf6 gxf6 12. N5c3 Be6 13. Nd5 Bxd5 14. Bxd5 Be7 15. Nc3 Qc7 16. e3 f5 17. Qh5 O-O-O 18. Qxf5+ Kb8 19. b4 Nxb4 20. Rab1 Nc6 21. Bxc6 Qxc6 22. Nd5 Rd7 23. Rb6 Qc8 24. Rfb1 Rhd8 25. Rxa6 Qxc4 26. Ra8+ Kxa8 27. Nb6+ Kb8 28. Nxc4 d5 29. Nxe5 Rc7 30. Kg2 d4 31. exd4 Rxd4 32.
Qf3 Rd6 33. Nxf7 Rf6 34. Qd5 Ka7 35. Nd8 b6 36. Ne6 Rb7 37. a4 Ba3 38. a5 Rxe6 39. Qxe6 bxa5 40. Qe3+ Kb8 41. Rxb7+ Kxb7 42. Qxa3 Kb6 43.
f4 Kb5 44. f5 h5 45. f6 h4 46. f7 hxg3 47. hxg3 Kc4 48. f8=Q a4 49. Qf4+ Kd5 50. Qd3+ Ke6 51. Qfe4+ Kf7 52. Qdf3+ Kg8 53. Qeg4+ Kh7 54. Qf7+ Kh6 55. Qfg6# 1-0

[Event "*** Titled Tuesday 3|2 Blitz"]
[Site "Chess.com"]
[Date "2015.11.03"]
[Round "4"]
[White "manubibi"]
[Black "GrigorGrigorov"]
[Result "1/2-1/2"]
[WhiteElo "2442"]
[BlackElo "2442"]
[TimeControl "180+2"]
[EndTime "11:47:52 PST"]
[Termination "Game drawn by agreement"]

1. e4 g6 2. d4 Bg7 3. Nc3 c6 4. Nf3 d6 5. h3 Nf6 6. a4 O-O 7. Be2 Qc7 8. O-O Nbd7 9. Re1 e5 10. Bg5 Re8 11. dxe5 dxe5 12. b4 Nf8 13. Bc4 Be6 14. Qe2 Nh5 15. Rad1 Nf4 16. Bxf4 exf4 17. e5 Bxc4 18.
Qxc4 Bxe5 19. Nxe5 Rxe5 20. Nd5 Rxe1+ 21. Rxe1 Qd6 22. Nxf4 Rd8 23. Nd3 Ne6 24. a5 Qd4 25. Qxd4 Rxd4 26. a6 b6 27. Ne5 Rxb4 28. Nxc6 Ra4 29.
Nxa7 Rxa6 30. Nb5 Ra2 31. c4 Rc2 32. Nd6 Rb2 33. Re5 Kf8 34. Rb5 Rxb5 35. cxb5 Nc7 36. Nc4 Nd5 37. Kf1 Ke7 38. Ke2 Ke6 39. Kd3 h5 40.
Kd4 Nc7 41. Nxb6 Nxb5+ 42. Ke3 Kf5 43. Nc4 g5 44. g4+ hxg4 45. hxg4+ Kxg4 46. Ne5+ Kf5 47. Nxf7 Nc7 48. Nxg5 Kxg5 49. Ke4 Ne6 1/2-1/2

[Event "*** Titled Tuesday 3|2 Blitz"]
[Site "Chess.com"]
[Date "2015.11.03"]
[Round "4"]
[White "SenseiJulio"]
[Black "jcibarra"]
[Result "0-1"]
[WhiteElo "2618"]
[BlackElo "2537"]
[TimeControl "180+2"]
[EndTime "11:47:54 PST"]
[Termination "jcibarra won by resignation"]

1. d4 Nf6 2. c4 d6 3. Nf3 g6 4. g3 Bg7 5. Bg2 O-O 6. O-O Nc6 7. Nc3 Bf5 8. Ne1 Na5 9. e4 Bg4 10. f3 Bd7 11. b3 c5 12. Nc2 Nc6 13. d5 Nd4 14.
Be3 Qa5 15. Nxd4 Qxc3 16. Nc2 b5 17. Bd2 Qb2 18. Rb1 Qxa2 19. Ne3 Rfb8 20. Ra1 Qb2 21. Qe2 bxc4 22. bxc4 a5 23. f4 Ng4 24. Nxg4 Bxg4 25.
Qxg4 Qxd2 26. e5 a4 27. Rae1 Rb2 28. Qf3 a3 29. f5 Bxe5 30. fxg6 fxg6 31. Kh1 a2 32. Qf7+ Kh8 33. Rg1 Bf6 34. Rxe7 Bxe7 35. Qxe7 Qxg2+ 36. Rxg2 Rb1+ 37. Rg1 Rxg1+ 38. Kxg1 a1=Q+ 0-1

[Event "*** Titled Tuesday 3|2 Blitz"]
[Site "Chess.com"]
[Date "2015.11.03"]
[Round "4"]
[White "ZEN-22"]
[Black "metalbattler"]
[Result "0-1"]
[WhiteElo "2155"]
[BlackElo "1945"]
[TimeControl "180+2"]
[EndTime "11:47:58 PST"]
[Termination "metalbattler won by resignation"]

1. e3 d5 2. Ne2 c6 3. d4 Nf6 4.
c4 Bf5 5. Nbc3 Nbd7 6. Ng3 Bg6 7. cxd5 cxd5 8. h4 h5 9. f4 e6 10. f5 exf5 11. Qf3 Ne4 12. Nxf5 Bxf5 13. Qxf5 Ng3 14.
Qxd5 Nxh1 15. Bc4 Qxh4+ 16. Kd1 Nf2+ 17. Kc2 Qf6 18. Qxb7 Rb8 19. Qxa7 Bb4 20. Nd5 Qc6 21. b3 O-O 22. Qa6 Qxa6 23. Bxa6 Bd6 24. a4 Nb6 25.
Nc3 Bb4 26. Na2 Nd5 27. Bc4 Rfc8 28. Bb2 Ne4 29. Kd3 Nef6 30. Rf1 Ba5 31. Nc1 Nxe3 32. Kxe3 Rxc4 33. bxc4 Rxb2 34. d5 Rb4 35. Kd4 Rxa4 36.
Nb3 Bb6+ 37. Kc3 Ne4+ 38. Kd3 Nc5+ 39. Kc3 Ra3 40. Rb1 g5 41. Kb4 Rxb3+ 42. Rxb3 Nxb3 43. Kxb3 h4 44. Kb4 g4 45. c5 Bxc5+ 46. Kxc5 h3 47.
gxh3 gxh3 48. d6 Kf8 49. Kc6 h2 50. d7 h1=Q+ 51. Kc7 Qc1+ 52. Kd8 Qg5+ 53. Kc7 Qc5+ 54.
Kd8 Qb6+ 55. Kc8 Kg7 56. d8=N Qxd8+ 57. Kxd8 f5 0-1

[Event "*** Titled Tuesday 3|2 Blitz"]
[Site "Chess.com"]
[Date "2015.11.03"]
[Round "4"]
[White "spectralsoul"]
[Black "oggy1984"]
[Result "1/2-1/2"]
[WhiteElo "2476"]
[BlackElo "2275"]
[TimeControl "180+2"]
[EndTime "11:48:04 PST"]
[Termination "Game drawn by repetition"]

1. g3 Nf6 2. Bg2 d5 3. c4 c6 4. Qc2 e6 5. Nf3 Nbd7 6. O-O Be7 7. b3 O-O 8. Bb2 b6 9. d3 Bb7 10. Nbd2 Rc8 11. e4 dxe4 12. dxe4 c5 13. e5 Bxf3 14. Nxf3 Ng4 15. Qe4 Nh6 16. g4 Qc7 17. Bc1 Rfd8 18.
Re1 Nf8 19. h4 Rd7 20. Bxh6 gxh6 21. Qf4 Kg7 22. g5 hxg5 23. Nxg5 Bd8 24. Qg4 Kh8 25. Rad1 h6 26. Rxd7 Qxd7 27. Rd1 Qe7 28. Qh5 Kg7 29. Nf3 Rc7 30. Qg4+ Kh8 31. Qf4 Kg7 32. Qg4+ Kh8 33. Qh5 Kg7 34. Qg4+ Kh8 35. Qf4 Kg7 36. Qg4+ Kh8 1/2-1/2

[Event "*** Titled Tuesday 3|2 Blitz"]
[Site "Chess.com"]
[Date "2015.11.03"]
[Round "4"]
[White "FrankieJay"]
[Black "Makalexa"]
[Result "1-0"]
[WhiteElo "2196"]
[BlackElo "2087"]
[TimeControl "180+2"]
[EndTime "11:48:06 PST"]
[Termination "FrankieJay won by resignation"]

1. e4 e5 2. Nf3 Nc6 3. Bb5 a6 4. Ba4 Nf6 5. O-O Be7 6. Re1 b5 7. Bb3 O-O 8. c3 d5 9. exd5 Nxd5 10. Nxe5 Nxe5 11. Rxe5 c6 12. d3 Bd6 13. Re1 Bf5 14. Nd2 Qh4 15. g3 Qh3 16. Ne4 Be7 17. Bg5 Rae8 18. Bxe7 Rxe7 19. Bxd5 Bg4 20. f3 cxd5 21. Nf6+ gxf6 22. Rxe7 Be6 23. d4 h5 24. Qe2 f5 25.
Qg2 Qxg2+ 26. Kxg2 Ra8 27. a4 b4 28. cxb4 Rb8 29.
b5 axb5 30. a5 Kf8 31. Rc7 Ke8 32. a6 Kd8 33. Rc5 b4 34. a7 Ra8 35. Rb5 Kc7 36. Rc1+ 1-0

[Event "*** Titled Tuesday 3|2 Blitz"]
[Site "Chess.com"]
[Date "2015.11.03"]
[Round "4"]
[White "SerGo055"]
[Black "DeviatkinAndrey"]
[Result "1-0"]
[WhiteElo "2387"]
[BlackElo "2474"]
[TimeControl "180+2"]
[EndTime "11:48:07 PST"]
[Termination "SerGo055 won by resignation"]

1. d4 d5 2. Nf3 Nf6 3. c4 c6 4. Nc3 dxc4 5. a4 Bf5 6. e3 e6 7.
Bxc4 Bb4 8. O-O O-O 9. Qb3 Qb6 10. Bd2 Nbd7 11. Ne2 Bxd2 12. Nxd2 a5 13. Ng3 Bg6 14. Qxb6 Nxb6 15. b3 Nfd5 16. Nf3 Nd7 17. Bxd5 exd5 18.
Rfc1 Rfe8 19. Ne2 Bh5 20. Nf4 Bxf3 21. gxf3 g5 22. Nd3 f6 23. f4 h6 24. Kg2 Kf7 25. Kf3 Rg8 26. Rg1 Rg7 27. h4 gxf4 28. Rxg7+ Kxg7 29. Nxf4 Kf7 30. Rg1 Nf8 31. h5 Re8 32. Rg3 Re7 33.
Ng6 Re8 34. Nxf8 Rxf8 35. Rg6 Rb8 36. Rxh6 Kg7 37. Rg6+ Kf7 38. Rg1 b5 39. Rc1 bxa4 40.
bxa4 Rb6 41. Rc5 Ke6 42. Rxa5 Kf5 43. Ra8 Rb2 44. a5 1-0

[Event "*** Titled Tuesday 3|2 Blitz"]
[Site "Chess.com"]
[Date "2015.11.03"]
[Round "4"]
[White "E-Shaposhnikov"]
[Black "Baggio95"]
[Result "1-0"]
[WhiteElo "2564"]
[BlackElo "2386"]
[TimeControl "180+2"]
[EndTime "11:48:11 PST"]
[Termination "E-Shaposhnikov won by resignation"]

1. e4 e5 2. Nf3 Nc6 3. Bc4 Nf6 4. d3 Be7 5. O-O O-O 6. Re1 d6 7. a4 Be6 8. Nc3 Qd7 9. Nd5 Nd8 10. Nxe7+ Qxe7 11. Nd2 Bxc4 12. Nxc4 Ne6 13. Ne3 g6 14. Nd5 Nxd5 15. exd5 Ng7 16. c3 Qd7 17. d4 f6 18. a5 a6 19. dxe5 fxe5 20. Ra4 Rf7 21.
Rb4 Raf8 22. f3 Qc8 23. Qb3 c6 24. Bh6 Re8 25. Bxg7 Kxg7 26. Rb6 Ree7 27. dxc6 bxc6 28. Qc4 e4 29. Rxe4 Rxe4 30. Qxe4 d5 31. Qe5+ Kh6 32.
Rb8 Qd7 33. Re8 Qa7+ 34. Kf1 Qb7 35. b4 Qb5+ 36. Kf2 Qd3 37. Qe3+ Qxe3+ 38. Kxe3 1-0

[Event "*** Titled Tuesday 3|2 Blitz"]
[Site "Chess.com"]
[Date "2015.11.03"]
[Round "4"]
[White "motivated_bishop"]
[Black "AndrewMcStone"]
[Result "1-0"]
[WhiteElo "2163"]
[BlackElo "1996"]
[TimeControl "180+2"]
[EndTime "11:48:25 PST"]
[Termination "motivated_bishop won by resignation"]

1. d4 e6 2. c4 f5 3. g3 Nf6 4.
Bg2 Be7 5. Nf3 d6 6. O-O O-O 7. b3 Qe8 8. Nc3 Ne4 9. Bb2 Bf6 10. Qc2 Nxc3 11. Bxc3 e5 12. e4 Nc6 13. dxe5 dxe5 14. Rfe1 f4 15. gxf4 exf4 16. e5 Be7 17. e6 Qh5 18.
Rad1 Nd8 19. Rd7 Bxd7 20. exd7 Nc6 21. Ne5 f3 22. Nxc6 bxc6 23. Rxe7 Rf7 24. Re8+ Rf8 25. Re7 Rf7 26. Re8+ Rf8 27. Rxa8 Rxa8 28. Qd1 Rd8 29.
Bxf3 Qg6+ 30. Kf1 Qf7 31. Bxc6 Kh8 32. Qd5 Qf4 33. Qe5 Qc1+ 34. Kg2 Rg8 35. Qxg7+ 1-0

[Event "*** Titled Tuesday 3|2 Blitz"]
[Site "Chess.com"]
[Date "2015.11.03"]
[Round "4"]
[White "Lupul_Cenusiu"]
[Black "Keranke"]
[Result "1/2-1/2"]
[WhiteElo "2404"]
[BlackElo "2561"]
[TimeControl "180+2"]
[EndTime "11:48:35 PST"]
[Termination "Game drawn - insufficient material"]

1. d4 d5 2. Nf3 Nf6 3. c4 c6 4. e3 Bf5 5. Nc3 e6 6. Nh4 Bg6 7. Qb3 Qc7 8. Bd2 Nbd7 9. Rc1 Rc8 10. Be2 Be7 11. Nxg6 hxg6 12. g3 O-O 13. O-O dxc4 14. Qxc4 e5 15. Bf3 Nb6 16. Qb3 exd4 17.
exd4 Qd7 18. Be3 Rfd8 19. Rfe1 Nbd5 20. Nxd5 Nxd5 21. Bxd5 cxd5 22. Rxc8 Rxc8 23. Rc1 Rxc1+ 24. Bxc1 Qc6 25. Be3 g5 26. h3 Bf6 27. Kg2 g6 28. g4 Kg7 29. Kf3 Qe6 30. Qc2 Qa6 31. Qb1 Qc4 32. Kg2 Bxd4 33. Bxg5 Qe2 34. Bh4 Qxb2 35. Qxb2 Bxb2 36. f4 f5 37. Kf3 Bd4 38. Ke2 Bc5 39. Kd3 Kf7 40. Bg5 b5 41. Bh4 Ke6 42. Be1 Bb6 43. Bd2 a5 44. Be1 b4 45. Bd2 Bc5 46. Bc1 a4 47. Bd2 Kd7 48. Kc2 Kc6 49. Bc1 Bd4 50.
gxf5 gxf5 51. h4 Kc5 52. h5 Kc4 53. Bb2 b3+ 54. axb3+ axb3+ 55. Kb1 Bxb2 56. Kxb2 d4 57. h6 d3 58. h7 d2 59. h8=Q d1=Q 60. Qc3+ Kd5 61.
Qe5+ Kc6 62. Qxf5 Kd6 63. Qe5+ Kd7 64. Qb5+ Ke6 65. Qxb3+ Qxb3+ 66. Kxb3 Kf5 67. Kc4 Kxf4 1/2-1/2

[Event "*** Titled Tuesday 3|2 Blitz"]
[Site "Chess.com"]
[Date "2015.11.03"]
[Round "4"]
[White "BIG_Pirate"]
[Black "Oligan22"]
[Result "1-0"]
[WhiteElo "2271"]
[BlackElo "2152"]
[TimeControl "180+2"]
[EndTime "11:48:45 PST"]
[Termination "BIG_Pirate won by resignation"]

1. Nf3 Nf6 2. c4 e6 3. Nc3 b6 4. g3 Bb7 5. Bg2 Be7 6. O-O O-O 7. d4 d5 8. b3 Nbd7 9. Bb2 c5 10. dxc5 Nxc5 11. Ne5 Nce4 12. Rc1 dxc4 13. Nxc4 Nxc3 14. Bxc3 Bxg2 15. Kxg2 Qd5+ 16. Qxd5 Nxd5 17. Bb2 Rac8 18. Rfd1 Rfd8 19. e4 Nb4 20. Ba3 Kf8 21. Rxd8+ Rxd8 22. Ne5 f6 23. Nf3 Nxa2 24. Rc7 Bxa3 25. Rxa7 Nc3 26. Rxa3 Nxe4 27. Ra7 Nc5 28. b4 Nd3 29. Rb7 Rd6 30.
b5 Nc5 31. Rc7 Na4 32. Ne1 Rd2 33. Nf3 Rb2 34. Nd4 e5 35. Ne6+ Ke8 36. Nxg7+ Kf8 37.
Ne6+ Kg8 38. Rg7+ Kh8 39. Ra7 h5 40. Rxa4 Rxb5 41. Ra7 1-0

[Event "*** Titled Tuesday 3|2 Blitz"]
[Site "Chess.com"]
[Date "2015.11.03"]
[Round "4"]
[White "Krutoy123"]
[Black "ruifeng"]
[Result "1-0"]
[WhiteElo "2303"]
[BlackElo "2139"]
[TimeControl "180+2"]
[EndTime "11:48:47 PST"]
[Termination "Krutoy123 won by resignation"]

1. e4 c5 2. Nf3 e6 3. b3 Nc6 4. Bb2 Nf6 5. e5 Nd5 6. g3 Be7 7. Bg2 O-O 8. c4 Nc7 9. O-O d5 10. exd6 Qxd6 11. Nc3 b6 12. d4 cxd4 13. Nxd4 Qxd4 14.
Bxc6 Qxd1 15. Raxd1 Rb8 16. Nb5 Nxb5 17. cxb5 Bf6 18.
Ba3 e5 19. Bxf8 Kxf8 20. Rfe1 Bg4 21. f3 Be6 22. Bd7 Ke7 23. Bxe6 Kxe6 24. Rc1 Rb7 25. Rc6+ Kf5 26. Rd1 h5 27. Kf2 Bg5 28. h3 f6 29.
h4 Bh6 30. Rg1 Rd7 31. g4+ hxg4 32. fxg4+ Kf4 33. Rc4+ e4 34. Ke2 Rd5 35. a4 g6 36.
Rf1+ Ke5 37. Rd1 Rxd1 38. Kxd1 f5 39. Rc6 f4 40. Rxg6 Bf8 41. h5 f3 42. h6 e3 43.
h7 e2+ 44. Kd2 Bb4+ 45. Kd3 e1=Q 46. h8=Q+ Kf4 47. Qh2+ Qg3 48. Rf6+ Kxg4 49. Rg6+ 1-0

[Event "*** Titled Tuesday 3|2 Blitz"]
[Site "Chess.com"]
[Date "2015.11.03"]
[Round "4"]
[White "Nutflush"]
[Black "AnastasiaProtopopova"]
[Result "0-1"]
[WhiteElo "1893"]
[BlackElo "1795"]
[TimeControl "180+2"]
[EndTime "11:48:50 PST"]
[Termination "AnastasiaProtopopova won by checkmate"]

1. e4 e5 2. Nf3 Nc6 3. Bc4 Nf6 4. d4 exd4 5. O-O Nxe4 6. Re1 d5 7. Nc3 dxc4 8.
Rxe4+ Be7 9. Nxd4 O-O 10. Nxc6 bxc6 11. Rxc4 Qe8 12. Bf4 Be6 13. Ra4 Qc8 14. Qf3 Qb7 15. b3 Bf6 16. Re1 Rfe8 17. Ne4 Be7 18. Qg3 Kh8 19. Be5 Bf8 20. Bxc7 Bd5 21. Ba5 Re6 22. Ng5 Rxe1+ 23. Bxe1 h6 24. Nf3 Re8 25. Bc3 Qd7 26. h3 Be4 27. Rd4 Qf5 28. Nh4 Qc5 29. Rc4 Qd5 30.
Nf3 Qd1+ 31. Kh2 Bxc2 32. Qh4 Bd6+ 33. g3 f6 34. Rd4 Qxf3 35. Rxd6 Qxf2+ 36. Kh1 Qf1+ 37. Kh2 Re2# 0-1

[Event "*** Titled Tuesday 3|2 Blitz"]
[Site "Chess.com"]
[Date "2015.11.03"]
[Round "4"]
[White "gmjlh"]
[Black "Zkid"]
[Result "0-1"]
[WhiteElo "2617"]
[BlackElo "2507"]
[TimeControl "180+2"]
[EndTime "11:48:54 PST"]
[Termination "Zkid won on time"]

1. e4 e6 2. d4 d5 3. Nd2 Nf6 4. e5 Nfd7 5. Bd3 c5 6. c3 Nc6 7.
Ne2 cxd4 8. cxd4 f6 9. exf6 Nxf6 10. O-O Bd6 11. Nf3 Qc7 12. Nc3 a6 13. Bd2 O-O 14.
Rc1 Bd7 15. Re1 Rae8 16. a3 Qb8 17. Na4 e5 18. dxe5 Nxe5 19. Nxe5 Bxe5 20. h3 Ne4 21. Bxe4 dxe4 22. Be3 Bc6 23. Nb6 Rd8 24. Qb3+ Kh8 25. Rcd1 h6 26. Nc4 Bd5 27. Qb4 Bf6 28. Bc5 Rg8 29.
Nd6 Ba2 30. b3 Rd7 31. Re2 b6 32. Bxb6 Bxb3 33. Qxb3 Rxd6 34. Rxd6 Qxd6 35. Rxe4 Rb8 36. Bc5 Qc7 37. Rb4 Rd8 38. Be3 Be5 39. h4 Qc6 40. g3 Qf3 0-1

[Event "*** Titled Tuesday 3|2 Blitz"]
[Site "Chess.com"]
[Date "2015.11.03"]
[Round "4"]
[White "Boryboy"]
[Black "GeorgMeier"]
[Result "1/2-1/2"]
[WhiteElo "2467"]
[BlackElo "2605"]
[TimeControl "180+2"]
[EndTime "11:48:57 PST"]
[Termination "Game drawn by agreement"]

1. d4 e6 2. g3 Nf6 3. Bg2 d5 4. Nf3 b5 5. O-O Nbd7 6. a4 b4 7. c4 bxc3 8. Nxc3 Ba6 9. Re1 Bb4 10. Bd2 O-O 11. e4 Bxc3 12. bxc3 Nxe4 13. Ne5 Nxe5 14. dxe5 c5 15. Bxe4 dxe4 16. Be3 Rc8 17. Qxd8 Rfxd8 18. Red1 Bd3 19. Ra2 Kf8 20. Rb2 Rd7 21. Rdd2 Ke8 22. Kg2 Kd8 23. f4 exf3+ 24. Kxf3 h6 25. h4 Ke8 26. g4 Kd8 27. g5 h5 28. Kf4 Ke8 29.
Rb3 Ba6 30. Rbb2 Bd3 31. Rb3 Kd8 32. c4 Bxc4 33. Rxd7+ Kxd7 34. Rb7+ Rc7 35. Rxc7+ Kxc7 36. Bxc5 a6 37. a5 Kc6 38. Bb6 Bd3 39. Bd8 Kb5 40. Bc7 Bg6 41. Bd8 Bf5 42. Bc7 Kc4 43. Bd6 Kd3 44. Bf8 g6 45. Kg3 Ke4 46. Bd6 Bg4 47.
Bc7 Be2 48. Bd6 Bb5 49. Bc7 Ke3 50. Bd6 Kd4 51. Bc7 Kc5 52. Bd6+ 1/2-1/2

[Event "*** Titled Tuesday 3|2 Blitz"]
[Site "Chess.com"]
[Date "2015.11.03"]
[Round "4"]
[White "bugsbunny444"]
[Black "xdb"]
[Result "1-0"]
[WhiteElo "2343"]
[BlackElo "2076"]
[TimeControl "180+2"]
[EndTime "11:48:59 PST"]
[Termination "bugsbunny444 won by resignation"]

1. Nf3 Nf6 2. c4 c5 3. g3 b6 4. Bg2 Bb7 5. O-O e6 6. b3 Be7 7. Bb2 O-O 8. Nc3 a6 9. e3 d5 10. cxd5 exd5 11. d4 Nc6 12. Rc1 Re8 13. dxc5 bxc5 14.
Na4 Ne4 15. Nd2 Nb4 16. Nxe4 dxe4 17. Qg4 Bf6 18. Bxf6 Qxf6 19. Nxc5 Bd5 20. Nxe4 Bxe4 21. Bxe4 Rad8 22. Bxh7+ Kxh7 23. Qxb4 Rd5 24. Rc5 Rd3 25.
Rh5+ Kg8 26. Qh4 Qxh4 27. Rxh4 Rd2 28. Ra4 Re6 29. e4 Rc6 30. h4 Kh7 31. e5 Kg6 32. Re1 Kf5 33. Rf4+ Ke6 34. a4 Rb2 35. b4 Rb6 36.
Ree4 Ra2 37. a5 Rb5 38. Rg4 g6 39. Rgf4 Rb2 40. Rf6+ Ke7 41. Rxa6 R2xb4 42. Rxb4 Rxb4 43. Rf6 Rb5 44. f4 Rxa5 45. Kg2 Ra3 46. Kh3 Re3 47. Kg4 Kf8 48. e6 Rxe6 49. Rxe6 fxe6 50. Kg5 Kg7 51. g4 Kf7 52. Kh6 Kf6 53. Kh7 Kf7 54. g5 1-0

[Event "*** Titled Tuesday 3|2 Blitz"]
[Site "Chess.com"]
[Date "2015.11.03"]
[Round "4"]
[White "amaidel"]
[Black "dretch"]
[Result "1-0"]
[WhiteElo "2352"]
[BlackElo "2458"]
[TimeControl "180+2"]
[EndTime "11:49:10 PST"]
[Termination "amaidel won on time"]

1. e4 e6 2. d4 d5 3. exd5 exd5 4. Nf3 Bd6 5. c4 c6 6. Nc3 Ne7 7. cxd5 cxd5 8. Bd3 Nbc6 9. h3 O-O 10. O-O Re8 11.
Re1 Bf5 12. Bg5 Qd7 13. Ne5 Bxe5 14. dxe5 Ng6 15. Nxd5 Bxd3 16. Qxd3 Ncxe5 17. Qb3 Qf5 18. Qg3 Nd3 19. Rxe8+ Rxe8 20. Nc7 Re2 21. Rd1 Nge5 22.
f4 h6 23. fxe5 hxg5 24. Rxd3 Rxb2 25. a3 Rb1+ 26. Kh2 Qf1 27. Rd8+ Kh7 28. Qd3+ Qxd3 29. Rxd3 Re1 30. Rd5 a6 31. Ne8 Kg6 32. Nd6 b5 33.
Rc5 Ra1 34. Rc6 g4 35. Nxb5+ Kf5 36. Nd6+ Ke6 37. Rxa6 gxh3 38. Kxh3 Ra2 39. Kg3 g6 40. Kf3 Ra1 41. a4 Kd5 42. Kg3 Ke6 43. Ra5 Ra2 44.
Nc4 1-0

[Event "*** Titled Tuesday 3|2 Blitz"]
[Site "Chess.com"]
[Date "2015.11.03"]
[Round "4"]
[White "kleinebeer98"]
[Black "TomsKantans"]
[Result "0-1"]
[WhiteElo "2228"]
[BlackElo "2284"]
[TimeControl "180+2"]
[EndTime "11:49:18 PST"]
[Termination "TomsKantans won by resignation"]

1. e4 d5 2. exd5 Qxd5 3. Nf3 g6 4. Be2 Bg7 5. O-O Nc6 6. c3 Nf6 7. d4 O-O 8. Re1 Bf5 9. Na3 Rad8 10. Bf4 Qd7 11. Qb3 Nd5 12. Bg3 Na5 13. Qb5 Qxb5 14. Nxb5 c6 15. Na3 b6 16. Ba6 Bc8 17. Bxc8 Rxc8 18.
c4 Nb4 19. Rxe7 c5 20. Rd1 cxd4 21. b3 Nxa2 22. Rxa7 Nc3 23. Rd3 Nxb3 24. h4 Ra8 25. Rxa8 Rxa8 26. Nb5 Ne2+ 27. Kh2 Nc5 28. Rd2 Nxg3 29. fxg3 d3 30. Ne1 Bh6 31. Rd1 d2 32. Nf3 Ne4 33. Ng5 Nxg5 34. hxg5 Bxg5 35. Kg1 Ra2 36. Kf1 Rc2 37. Nd6 f5 38. Ke2 h5 39.
Nc8 Rxc4 40. Nxb6 Re4+ 41. Kf1 Kf7 42. Nd5 Rd4 43. Nc3 Rd3 44. Ne2 Ke6 45. Kf2 Kd5 46. Ra1 Kc4 47. Rd1 Kb3 48. Ng1 Kc2 49. Ke2 Re3+ 50. Kf2 Kxd1 51. Nf3 Rxf3+ 52. gxf3 Kc2 53. f4 Bf6 0-1

[Event "*** Titled Tuesday 3|2 Blitz"]
[Site "Chess.com"]
[Date "2015.11.03"]
[Round "4"]
[White "stefanodinn"]
[Black "eltenedor"]
[Result "1-0"]
[WhiteElo "2139"]
[BlackElo "1948"]
[TimeControl "180+2"]
[EndTime "11:49:20 PST"]
[Termination "stefanodinn won by resignation"]

1. e4 d5 2. exd5 Nf6 3. Bb5+ Bd7 4. Be2 Nxd5 5. d4 g6 6. Nf3 Bg7 7. O-O O-O 8. h3 Nc6 9. Re1 Nb6 10. c3 e5 11. dxe5 Nxe5 12. Nxe5 Bxe5 13. Bh6 Re8 14. Bf3 c6 15. Na3 Bf5 16. Qxd8 Raxd8 17. Be3 Kg7 18. Rad1 Kf6 19. Rxd8 Rxd8 20. g4 Be6 21. g5+ Ke7 22. Bxb6 axb6 23. Rxe5 Kd6 24. Re2 Bxh3 25. Rd2+ Kc7 26.
Rxd8 Kxd8 27. Kh2 Be6 28. b3 b5 29. Kg3 Kd7 30. Kf4 Kd6 31. Nc2 b6 32. Ne3 c5 33.
c4 bxc4 34. bxc4 b5 35. cxb5 Bxa2 36. b6 c4 37. Bd5 Kd7 38. Bxf7 Kc6 39. Bxc4 Bb1 40.
Bg8 Kxb6 41. Bxh7 Kc5 42. Ke5 Kb4 43. Nd5+ Kc4 44. Ne7 Kc3 45. Bxg6 Ba2 46. f4 1-0

[Event "*** Titled Tuesday 3|2 Blitz"]
[Site "Chess.com"]
[Date "2015.11.03"]
[Round "4"]
[White "kikydu96"]
[Black "darsen_sanzhaev"]
[Result "1-0"]
[WhiteElo "2259"]
[BlackElo "2229"]
[TimeControl "180+2"]
[EndTime "11:49:25 PST"]
[Termination "kikydu96 won by checkmate"]

1. e4 c5 2. c3 Nf6 3. e5 Nd5 4. d4 cxd4 5. Nf3 Nc6 6. cxd4 d6 7. Bc4 Nb6 8. Bb3 dxe5 9. d5 Na5 10. Nc3 Nxb3 11. Qxb3 f6 12. Be3 Bf5 13. O-O g5 14. Rad1 Nc8 15. d6 Nxd6 16. Nb5 Qd7 17. Nxd6+ exd6 18. Rd2 Be7 19. Rfd1 Be6 20. Qc3 g4 21. Nh4 f5 22. g3 O-O 23. Ng2 b6 24. Bh6 Rfc8 25. Qe3 Rc6 26. Bg5 Rd8 27. Nh4 Rf8 28. Bxe7 Qxe7 29. Qh6 Rf7 30. f4 e4 31. Rd5 Bxd5 32. Rxd5 Rc5 33. Rxd6 Qc7 34. Qg5+ Kf8 35. Rd8+ Qxd8 36. Qxd8+ Kg7 37. Qg5+ Kf8 38. Qh6+ Ke8 39. Qe6+ Kf8 40. Qd6+ Kg8 41. Kf2 Rc2+ 42. Ke3 Rc5 43. b4 Rc3+ 44. Ke2 Rd3 45. Qe6 Rd4 46. Nxf5 Rxb4 47.
Nh6+ Kg7 48. Qxf7+ Kxh6 49. Qf6+ Kh5 50. Qg5# 1-0

[Event "*** Titled Tuesday 3|2 Blitz"]
[Site "Chess.com"]
[Date "2015.11.03"]
[Round "4"]
[White "GMHess"]
[Black "cassoulet"]
[Result "0-1"]
[WhiteElo "2407"]
[BlackElo "2255"]
[TimeControl "180+2"]
[EndTime "11:49:27 PST"]
[Termination "cassoulet won on time"]

1. g3 Nf6 2. Bg2 d5 3. Nf3 g6 4.
O-O Bg7 5. c4 O-O 6. cxd5 Nxd5 7. Nc3 Nc6 8. d4 Nxc3 9. bxc3 Rb8 10. Nd2 Bd7 11. e4 b5 12. a3 a5 13. Nb3 b4 14.
axb4 axb4 15. c4 e5 16. d5 Nd4 17. Nxd4 exd4 18. Bb2 c5 19. f4 Ra8 20. e5 Bf5 21.
Rxa8 Qxa8 22. d6 Qa2 23. Qa1 Qxc4 24. Rc1 Qb5 25. Bd5 Be6 26. Bxe6 fxe6 27. Qa7 Qe2 28. Qxc5 Qxb2 29. d7 d3 30. Rf1 Rd8 31. Qd6 Kf7 32. f5 gxf5 33. Rxf5+ exf5 34. e6+ Kg8 35. e7 Qd4+ 36.
Qxd4 Bxd4+ 37. Kg2 Bf6 38. e8=Q+ Kg7 39. Qe6 d2 40.
Qd5 b3 41. Qxb3 Rxd7 42. Qd1 Bg5 43. h4 Bh6 44. g4 Bf4 45. Kf3 Be5 46. gxf5 Kf6 47. Ke2 Bf4 48. Kf3 Bh6 49. Qa1+ Kxf5 50. Qa5+ Kf6 0-1